 Dungeon Crawl Stone Soup version 0.30-a0-930-gb9d0489357 (webtiles) character file.

Game seed: 3442819715812587924

326 lunkers the Carver (level 7, -7/55 HPs)
             Began as a Meteoran Reaver on Mar 23, 2023.
             Was an Initiate of Trog.
             Mangled by an ogre
             ... wielding a +0 giant club
              (21 damage)
             ... on level 5 of the Dungeon.
             The game lasted 00:04:58 (1594 turns).

lunkers the Carver (Meteoran Reaver)                Turns: 1594, Time: 00:04:59

Health: -7/55      AC:  7    Str: 16    XL:     7   Next: 7%
Magic:  12/12      EV: 10    Int: 14    God:    Trog [......]
Gold:   161        SH:  0    Dex: 13    Spells: 11/11 levels left

rFire   . . .      SeeInvis .    a - +0 falchion
rCold   . . .      Faith    .    (no shield)
rNeg    . . .      Spirit   .    d - +1 scale mail
rPois   .          Reflect  .    (no helmet)
rElec   .          Rampage  .    (no cloak)
rCorr   .                        (no gloves)
Will    .....                    (no boots) Stlth
                                 c - amulet of the acrobat
HPRegen 0.29/turn                (no ring)
MPRegen 0.13/turn                (no ring)

@: glowing
A: sense surroundings 1, otherworldly, glowing, explore regen
a: Renounce Religion


You were on level 5 of the Dungeon.
You worshipped Trog.
Trog was noncommittal.
You visited 1 branch of the dungeon, and saw 5 of its levels.

You collected 161 gold pieces.

Inventory:

Hand Weapons
 a - a +0 falchion (weapon)
Armour
 b - a +0 leather armour
 d - a +1 scale mail (worn)
Jewellery
 c - an amulet of the acrobat (around neck)
Wands
 t - a wand of iceblast (9)
 u - a wand of polymorph (12)
 v - a wand of light (8)
Scrolls
 j - a scroll of teleportation
Potions
 f - a potion of flight
 i - a potion of brilliance
 l - a potion of mutation {unknown}
 m - a potion of curing {unknown}
 n - a potion of invisibility {unknown}
 o - 3 potions of haste {unknown}


   Skills:
 - Level 2.1 Fighting
 + Level 8.5 Long Blades
 - Level 2.4 Dodging
 - Level 2.6 Spellcasting
 - Level 3.6 Conjurations


You had 11 spell levels left.
You didn't know any spells.
Your spell library contained the following spells:

 Spells                   Type           Power      Damage    Failure   Level
 Kiss of Death            Conj/Necr      24%        2d7       38%         1
 Momentum Strike          Conj/Tloc      12%        3d8       52%         2
 Hailstorm                Conj/Ice       6%         3d4       77%         3


Dungeon Overview and Level Annotations

Branches:
Dungeon (5/15) Zot: 1393
 Temple: D:4-7

Altars:
Trog
The Shining One

Shops:
D:4 (


Innate Abilities, Weirdness & Mutations

You passively map a small area around you.
You are easily found by Zot.
You glow in the dark.
You regain HP and MP as you explore.


Message History

* * * LOW HITPOINT WARNING * * *
The howler monkey hits you.
* * * LOW HITPOINT WARNING * * *
The orc priest closely misses you.
You hit the orc priest.
You kill the orc priest!
Trog accepts your kill.
The howler monkey hits you but does no damage.
The ogre misses you.
You have reached level 7!
You slash the ogre!
The ogre is moderately wounded.
The howler monkey closely misses you.
The white imp shouts, "Crawl home, thou warped miscreant clam!"
The white imp hits you but does no damage.
Unknown command.
You hit the ogre.
The ogre is heavily wounded.
The howler monkey hits you but does no damage.
The ogre closely misses you.
Unknown command.
You hit the ogre.
The ogre is severely wounded.
The howler monkey hits you but does no damage.
The white imp closely misses you.
Unknown command.
You hit the ogre.
The ogre is severely wounded.
The howler monkey hits you but does no damage.
The white imp hits you.
* * * LOW HITPOINT WARNING * * *
The white imp freezes you.
* * * LOW HITPOINT WARNING * * *
The ogre closely misses you. The howler monkey hits you.
* * * LOW HITPOINT WARNING * * *
You hit the ogre but do no damage.
The ogre is severely wounded.
The white imp hits you but does no damage.
The ogre hits you with a +0 giant club!!
You die...

* * .... , ,
####.8.#. *
........ * # ,
##.....# , ..#
##./...#*
....#.....#
#........# *
##....5### *,* *
* #$....h@.### *
#.....#O....###
.....####^....###
* ....#
*###....<# * ###.
*####### * #* ,
** ** * * * , ,,
* , , , ,, , * *
* * * , *,


You could see an ogre, a howler monkey and a white imp.

Vanquished Creatures
  A phantom (D:4)
  A crimson imp (D:4)
  A hound (D:4)
  An orc priest (D:5)
  Jessica (D:2)
  Robin (D:2)
  5 adders
  A worm (D:2)
  A dart slug (D:3)
  3 ball pythons
  4 bats
  10 endoplasms
  4 giant cockroaches
  10 goblins
  10 hobgoblins
  A quokka (D:1)
  5 frilled lizards
  A goblin skeleton (D:4)
  A goblin zombie (D:4)
  2 hobgoblin zombies (D:4)
  5 kobolds
  An orc skeleton (D:4)
  An orc zombie (D:4)
  4 rats
75 creatures vanquished.

Vanquished Creatures (others)
  8 plants (D:2)
8 creatures vanquished.

Grand Total: 83 creatures vanquished

Notes
Turn   | Place    | Note
-------+----------+-------------------------------------------
     0 | D:1      | lunkers the Meteoran Reaver began the quest for the Orb.
     0 | D:1      | Reached XP level 1. HP: 17/17 MP: 5/5
   104 | D:1      | Reached skill level 4 in Long Blades
   104 | D:1      | Reached XP level 2. HP: 21/24 MP: 6/6
   216 | D:1      | You fall into a shaft and drop 1 floor!
   304 | D:2      | Reached XP level 3. HP: 19/29 MP: 8/8
   364 | D:2      | Reached skill level 5 in Long Blades
   380 | D:2      | Noticed Jessica
   380 | D:2      | Identified the +0 helmet of Twilight {-Cast Drain Str+9
                  | SInv}
   380 | D:2      | Noticed Robin
   406 | D:2      | Reached XP level 4. HP: 20/36 MP: 9/9
   561 | D:2      | Killed Jessica
   562 | D:2      | Reached skill level 6 in Long Blades
   562 | D:2      | Reached XP level 5. HP: 30/41 MP: 10/10
   596 | D:2      | Killed Robin
  1077 | D:3      | Reached skill level 7 in Long Blades
  1086 | D:4      | Noticed a phantom
  1108 | D:4      | Killed a phantom
  1109 | D:4      | Reached XP level 6. HP: 21/48 MP: 11/11
  1298 | D:4      | Found a bloodstained altar of Trog.
  1318 | D:4      | Became a worshipper of Trog the Wrathful
  1405 | D:4      | Found a glowing golden altar of the Shining One.
  1415 | D:4      | Reached skill level 8 in Long Blades
  1453 | D:4      | Found Giotuub's Weapon Emporium.
  1570 | D:5      | Entered Level 5 of the Dungeon
  1579 | D:5      | Noticed an ogre
  1590 | D:5      | Reached XP level 7. HP: 22/55 MP: 12/12
  1594 | D:5      | Mangled by an ogre

Illustrated notes

Levels and vault maps discovered:
D:1:      beargit_arrival_greenhouse, layout_loops_ring
D:2:      layout_loops_cross, serial_bayou, serial_bayou_lake_a,
          serial_bayou_shore_a, serial_bayou_pond_d, serial_bayou_pond_d,
          serial_bayou_pond_a, uniq_jessica, uniq_robin
D:3:      layout_basic, nicolae_overflow_crystal_walls,
          amcnicky_mini_pool_small, uniq_sigmund
D:4:      layout_cave_pods, cheibrodos_worm_habitat,
          nicolae_tso_besieged_by_evil, mainiacjoe_overflow_cross_hatched,
          serial_shops, shop
D:5:      layout_loops_ring, nicolae_hepliaklqana_monster_ancestors,
          minmay_temple_entry_statues_pillars, gup_sewer_entry_spiral,
          nicolae_shop_unique_rings, minmay_crossroads, uniq_prince_ribbit1

Skill      XL: |  1  2  3  4  5  6 |
---------------+-------------------+-----
Long Blades    | 4 5 6 7 8 |  8.5
Fighting       | |  2.1
Dodging        | |  2.4
Spellcasting   | |  2.6
Conjurations   | |  3.6

Action                     |  1- 3 |  4- 6 |  7- 9 || total
---------------------------+-------+-------+-------++-------
  Melee: Falchion          |    82 |   197 |     5 ||   284
         Punch             |     1 |     4 |       ||     5
   Cast: Kiss of Death     |       |     1 |       ||     1
    Use: Scroll            |       |    10 |       ||    10
 Armour: Leather armour    |     1 |       |       ||     1
         Scale mail        |    40 |    86 |     5 ||   131
  Dodge: Dodged            |    53 |    82 |     4 ||   139

Table legend: (Time is in decaauts)
 A = Elapsed time spent in this place.
 B = Non-inter-level travel time spent in this place.
 C = Inter-level travel time spent in this place.
 D = Time resting spent in this place.
 E = Time spent auto-exploring this place.
 F = Levels seen in this place.
 G = Mean time per level.
                   A        B        C        D        E       F      G
               +--------+--------+--------+--------+--------+-----+--------+
         Total |   1606 |   1585 |     21 |      0 |    937 |   5 |  321.2 |
       Dungeon |   1606 |   1585 |     21 |      0 |    937 |   5 |  321.2 |
               +--------+--------+--------+--------+--------+-----+--------+

Top non-repeatable levels by time:
     D:4: 478 daAuts
     D:2: 393 daAuts
     D:3: 380 daAuts
     D:1: 331 daAuts
     D:5: 22 daAuts
